 Dungeon Crawl Stone Soup version 0.27.0-1-g7a089689b8 (webtiles) character file.

Game seed: 11453857183591073718

20 ryw the Skirmisher (level 2, -5/24 HPs)
             Began as a Demonspawn Monk on Aug 12, 2021.
             Slain by Sigmund (10 damage)
             ... on level 2 of the Dungeon.
             The game lasted 00:01:47 (998 turns).

ryw the Skirmisher (Demonspawn Monk)                 Turns: 998, Time: 00:01:47

Health: -5/24      AC:  2    Str: 11    XL:     2   Next: 58%
Magic:  2/2        EV: 13    Int: 11    God:
Gold:   67         SH:  0    Dex: 15    Spells: 0/1 levels left

rFire    . . .     SeeInvis .     - Unarmed
rCold    . . .     Faith    .   (no shield)
rNeg     . . .     Spirit   .   b - +0 robe
rPois    .         Reflect  .   (no helmet)
rElec    .         Harm     .   (no cloak)
rCorr    .         Rampage  .   (no gloves)
Will     .....                  (no boots)
Stlth    ++........             (no amulet)
HPRegen  0.08/turn              (no ring)
MPRegen  0.08/turn              (no ring)

@: no status effects
A: demonic magic 1
a: no special abilities


You were on level 2 of the Dungeon.
You visited 1 branch of the dungeon, and saw 2 of its levels.

You collected 67 gold pieces.

Inventory:

Missiles
 a - 9 poisoned darts (quivered)
Armour
 b - a +0 robe (worn)
Scrolls
 d - a scroll of noise {unknown}
 f - a scroll of magic mapping {unknown}
Potions
 c - a potion of ambrosia {unknown}
 e - a potion of cancellation {unknown}
 g - 2 potions of brilliance {unknown}
 h - a potion of attraction {unknown}


   Skills:
 + Level 3.4 Fighting
 + Level 3.2 Dodging
 - Level 1.7 Stealth
 - Level 2.6 Unarmed Combat


You couldn't memorise any spells.
You knew the following spells:

 Your Spells              Type           Power      Damage    Failure   Level
a - Corona                Hex            0%         N/A       34%         1

Your spell library contained the following spells:

 Spells                   Type           Power      Damage    Failure   Level
 Ensorcelled Hibernation  Hex/Ice        0%         N/A       47%         2
 Tukima's Dance           Hex            0%         N/A       71%         3


Dungeon Overview and Level Annotations

Branches:
Dungeon (2/15)

Altars:

Annotations:
D:2 Sigmund


Innate Abilities, Weirdness & Mutations

Spells you cast may paralyse adjacent enemies.


Message History

The bat is moderately wounded.
The bat hits you but does no damage. The bat barely misses you.
You hit the bat.
You kill the bat!
No target in view!
No target in view!
No target in view!
HP restored.
You open the door.
A frilled lizard, an adder and Sigmund come into view.
Sigmund shouts!
The adder hisses angrily.
The adder bites you.
Sigmund gestures wildly while chanting.
Sigmund flickers and vanishes!
Deactivating autopickup; reactivate with Ctrl-A.
The frilled lizard hisses angrily.
Found a Trismegistus Codex.
You miss the adder. The adder bites you but does no damage.
The adder barely misses you. The adder closely misses you.
You barely miss the adder. The adder bites you.
You miss the adder. The adder misses you.
You closely miss the adder. The adder bites you.
Something completely misses you. The adder barely misses you.
You closely miss the adder. The adder bites you.
You hit the adder.
The adder is moderately wounded.
The adder bites you but does no damage. Something barely misses you.
The adder barely misses you.
Unknown command.
You completely miss the adder.
The adder is moderately wounded.
Something hits you!
* * * LOW HITPOINT WARNING * * *
The adder barely misses you.
Unknown command.
You closely miss the adder.
The adder is moderately wounded.
The adder barely misses you. Something hits you!
You die...

######### #.#
#..@S.l.# #.#
####.#####.# #.#
#....# #.# #.#
#....# #{# #.#
#....# #.# #.#
#....# #l#
#.####..(.# #.#
######.#..'....#
#'#
.........##....#
...


You could see an adder and a frilled lizard.

Vanquished Creatures
  An endoplasm (D:1)
  2 goblins (D:1)
  2 hobgoblins (D:1)
  2 kobolds (D:1)
  2 quokkas (D:1)
  2 ball pythons (D:1)
  4 bats
  2 rats (D:1)
17 creatures vanquished.

Notes
Turn   | Place    | Note
-------+----------+-------------------------------------------
     0 | D:1      | ryw the Demonspawn Monk began the quest for the Orb.
     0 | D:1      | Reached XP level 1. HP: 18/18 MP: 1/1
   279 | D:1      | Gained mutation: Spells you cast may paralyse adjacent
                  | enemies. [demonic ancestry]
   279 | D:1      | Reached XP level 2. HP: 12/24 MP: 2/2
   632 | D:1      | Learned a level 1 spell: Corona
   748 | D:1      | Noticed a golden eye
   752 | D:1      | Noticed a shining eye
   754 | D:1      | Found a faded altar of an unknown god.
   756 | D:1      | Noticed a floating eye
   756 | D:1      | Noticed a floating eye
   981 | D:2      | Noticed Sigmund
   998 | D:2      | Slain by Sigmund

Illustrated notes

Levels and vault maps discovered:
D:1:      matt_arrival_los_fun, layout_rooms,
          hellmonk_ecumenical_altar_watching_god
D:2:      layout_basic, minmay_cut_off, uniq_sigmund

Skill      XL: |  1 |
---------------+----+-----
Dodging        | 3 |  3.2
Fighting       | |  3.4
Stealth        | |  1.7
Unarmed Combat | |  2.6

Action                   || total
-------------------------++-------
Melee: Unarmed           ||    83
       Punch             ||     1
 Stab: Sleeping          ||     4
Armor: Robe              ||    19
Dodge: Dodged            ||    66
